 Dungeon Crawl Stone Soup version 0.17-a0-1150-g17b0b87 (webtiles) character file.

4893 Chiseanne the Nimble (level 10, -1/86 HPs)
             Began as a Red Draconian Wanderer on May 27, 2015.
             Was an Initiate of Gozag.
             Slain by a queen bee (6 damage)
             ... on level 8 of the Dungeon.
             The game lasted 00:34:38 (10791 turns).

Chiseanne the Nimble (Red Draconian Wanderer)      Turns: 10791, Time: 00:34:38

Health: -1/86      AC: 14    Str: 22    XL:     10   Next: 26%
Magic:  13/13      EV: 17    Int: 12    God:    Gozag
Gold:   518        SH:  5    Dex:  7    Spells: 2 memorised, 9 levels left

rFire  + . .     SeeInvis +     a - +2 dagger (protect)
rCold  . . .     Clarity  .     (armour unavailable)
rNeg   . . .     SustAt   .     j - +1 buckler
rPois  .         Gourm    .     (helmet restricted)
rElec  .         Spirit   .     b - +0 cloak
rCorr  .         Warding  .     i - +0 pair of gloves
rMut   .         Stasis   .     (no boots)
MR     .....                    (no amulet)
Stlth  +.........               v - ring of see invisible
                                E - +2 ring of evasion

@: lethally poisoned (-1 -> -5), short of breath, not resistant to hostile
enchantments, very unstealthy
A: breathe fire, unfitting armour, fire resistance 1, cold-blooded, AC +7
a: Breathe Fire, Potion Petition, Call Merchant, Bribe Branch, Renounce Religion


You were on level 8 of the Dungeon.
You worshipped Gozag.
Gozag was noncommittal.
You were near starving.

You visited 2 branches of the dungeon, and saw 9 of its levels.
You also visited: Ossuary.

You collected 658 gold pieces.
You paid 140 gold pieces to Gozag.

Inventory:

Hand weapons
 a - a +2 dagger of protection (weapon)
 s - a +0 short sword of holy wrath
 x - a +1 broad axe
 G - a +0 blowgun
Missiles
 r - 26 sling bullets
 t - 24 bolts
 u - 22 poisoned needles
 z - 5 javelins (quivered)
 B - 15 bolts of frost
 C - 6 tomahawks
Armour
 b - a +0 cloak (worn)
 i - a +0 pair of gloves (worn)
 j - a +1 buckler (worn)
 m - a +1 large shield
Jewellery
 l - an uncursed ring of sustain attributes
 v - a ring of see invisible (right hand)
 A - an uncursed ring of fire
 E - a +2 ring of evasion (left hand)
Scrolls
 f - 4 scrolls of remove curse
 w - 2 scrolls of immolation
 L - 2 scrolls of magic mapping
 M - a scroll of fear
Potions
 k - 4 potions of flight
 n - 3 potions of ambrosia {unknown}
 o - a potion of brilliance
 p - a potion of mutation {unknown}
 D - a potion of lignification {unknown}
 F - a potion of haste {unknown}
 H - a potion of poison {unknown}
 I - 2 potions of cancellation {unknown}
 K - a potion of cure mutation {unknown}
Books
 c - Lee's Grimoire of Earth

   Spells                             Type                      Level
   a - Sandblast                      Earth                        1
   b - Stoneskin                      Transmutation/Earth          2
 d - the Papyrus of Confrontation and Lightness

   Spells                             Type                      Level
   a - Shock                          Conjuration/Air              1
   b - Static Discharge               Conjuration/Air              3
 y - a book of Burglary

   Spells                             Type                      Level
   a - Swiftness                      Charms/Air                   2
   b - Passwall                       Transmutation/Earth          3
   c - Passage of Golubria            Translocation                4
   d - Lee's Rapid Deconstruction     Earth                        5
   e - Invisibility                   Hexes                        6
   f - Darkness                       Hexes                        7
Comestibles
 e - 5 bread rations
 g - 5 meat rations
 J - a beef jerky


   Skills:
 * Level 7.0 Fighting
   Level 1.0 Bows
 - Level 1.0 Throwing
 * Level 11.3 Dodging
 - Level 1.0 Stealth
 * Level 5.7 Shields
 - Level 2.0 Spellcasting
   Level 1.0 Summonings
   Level 2.0 Poison Magic


You had 9 spell levels left.
You knew the following spells:

 Your Spells              Type           Power        Failure   Level  Hunger
a - Swiftness             Chrm/Air       #.......     38%         2    ###....
b - Stoneskin             Trmt/Erth      #.......     38%         2    ###....


Dungeon Overview and Level Annotations

Branches:
Dungeon (8/15)             Temple (1/1) D:7
   Lair: D:8-11

Altars:
Ashenzari
Cheibriados
Dithmenos
Elyvilon
Fedhas
Gozag
Kikubaaqudgha
Makhleb
Nemelex Xobeh
Okawaru
Qazlal
Ru
Sif Muna
Trog
Vehumet
Xom
Yredelemnul
Zin
The Shining One

Shops:
D:4 %


Innate Abilities, Weirdness & Mutations

You can breathe blasts of fire.
Your fiery red scales are hard (AC +7).
Your body does not fit into most forms of armour.
Your flesh is heat resistant.
You are cold-blooded and may be slowed by cold attacks.


Message History

The queen bee is almost dead.
You feel somewhat more hungry.
You feel sick. The queen bee barely misses you.
You hit the queen bee.
The queen bee is almost dead.
You feel sick. The queen bee stings you.
* * * LOW HITPOINT WARNING * * *
You barely miss the queen bee.
The queen bee is almost dead.
* * * LOW HITPOINT WARNING * * *
You feel sick. You block the queen bee's attack.
You barely miss the queen bee.
The queen bee is almost dead.
* * * LOW HITPOINT WARNING * * *
You feel sick. The queen bee closely misses you.
You closely miss the queen bee.
The queen bee is almost dead.
* * * LOW HITPOINT WARNING * * *
You feel sick. The queen bee stings you.
You die...
Your body crumbles into a pile of gold.

#####...## #####........# #..# #
##.....## #........###.###..###
##.......###.##..##.# #.##....##
##.........##.#......###.##.....#
.'.........'.....................
##.........##.#...##.#######....#
##.......###.##.###.# #.....
##.....## #........# ##.###
##...## ####@##### #.# ##+## #y#
#)# #$# #)# #$# #.# #$# #.# .ยง#
#.# #.## #.# .. #.### ... #....


You could see a queen bee.

Vanquished Creatures
  Erolcha (D:8)
  The ghost of fred741 the Shield-Bearer, an experienced GrFi of Okawaru (D:4)
  2 hungry ghosts
  A hippogriff (D:8)
  Duvessa (D:5)
  2 ice beasts
  2 sky beasts
  A phantom (D:6)
  An orc warrior (D:7)
  3 centaurs
  3 ogres
  2 big kobolds
  4 giant frogs
  Blork the orc (D:5)
  Dowan (D:5)
  7 killer bees (D:8)
  A crimson imp (D:6)
  2 giant frog zombies
  A quasit (D:6)
  5 centaur zombies
  3 human zombies (Ossuary)
  2 hounds (D:4)
  Crazy Yiuf (D:5)
  3 orc priests
  2 jellies
  A giant frog skeleton (D:5)
  6 orc wizards
  An iron imp (D:6)
  2 hell rats (D:5)
  A killer bee zombie (D:6)
  7 worker ants
  A big kobold zombie (Ossuary)
  A hound skeleton (D:4)
  2 mummies (Ossuary)
  8 adders
  8 river rats (D:5)
  A worker ant zombie (D:5)
  4 gnolls (D:6)
  An adder zombie (Ossuary)
  3 oozes (D:2)
  A worm (D:3)
  18 orcs
  A bat skeleton (D:6)
  A giant cockroach (D:1)
  13 hobgoblins
  9 jackals
  18 kobolds
  4 quokkas
  11 bats
  10 giant geckos
  5 giant newts
  11 goblins
  14 hobgoblin zombies (Ossuary)
  7 kobold zombies (Ossuary)
  6 orc zombies (Ossuary)
  25 rats
  A rat zombie (Ossuary)
  2 fungi (D:5)
257 creatures vanquished.

Vanquished Creatures (others)
  A fungus (D:5)
1 creature vanquished.

Grand Total: 258 creatures vanquished

Notes
Turn   | Place    | Note
--------------------------------------------------------------
     0 | D:1      | Chiseanne the Draconian Wanderer began the quest for the Orb.
     0 | D:1      | Chiseanne set off with: a +2 shortbow, 20 arrows, Lee's Grimoire of Earth, the Papyrus of Confrontation and Lightness, a bread ration
     0 | D:1      | Reached XP level 1. HP: 17/17 MP: 3/3
     0 | D:1      | Identified Lee's Grimoire of Earth
     0 | D:1      | Identified the Papyrus of Confrontation and Lightness
   338 | D:1      | Reached XP level 2. HP: 25/25 MP: 5/5
   372 | D:1      | Reached skill level 3 in Fighting
  1155 | D:2      | Reached XP level 3. HP: 31/31 MP: 6/6
  1164 | D:2      | Reached skill level 1 in Dodging
  1164 | D:2      | Reached skill level 1 in Shields
  1782 | D:3      | Reached XP level 4. HP: 40/40 MP: 7/7
  2144 | D:3      | Reached XP level 5. HP: 33/46 MP: 8/8
  2266 | D:3      | Reached skill level 4 in Fighting
  2365 | D:3      | Learned a level 2 spell: Swiftness
  2368 | D:3      | Learned a level 2 spell: Stoneskin
  3098 | D:4      | Reached XP level 6. HP: 12/52 MP: 9/9
  3191 | D:4      | Noticed fred741's ghost (experienced GrFi)
  3663 | D:4      | Found Nuraog's Food Shop.
  3663 | D:4      | Noticed a hungry ghost
  3672 | D:4      | Killed a hungry ghost
  3672 | D:4      | Reached skill level 5 in Dodging
  3672 | D:4      | Your scales start taking on a fiery red colour.
  3672 | D:4      | Gained mutation: Your flesh is heat resistant. [Red Draconian growth]
  3672 | D:4      | Reached XP level 7. HP: 54/60 MP: 10/10
  3853 | D:4      | Found a stormy altar of Qazlal.
  4108 | D:4      | Killed fred741's ghost
  4108 | D:4      | Reached skill level 6 in Dodging
  4114 | D:4      | Found a white marble altar of Elyvilon.
  4266 | D:4      | Found a shimmering altar of Xom.
  4850 | D:5      | Entered Level 5 of the Dungeon
  5026 | D:5      | Noticed Blork the orc
  5034 | D:5      | Killed Blork the orc
  5034 | D:5      | Reached skill level 5 in Fighting
  5034 | D:5      | Reached XP level 8. HP: 66/68 MP: 11/11
  5044 | D:5      | Reached skill level 7 in Dodging
  5269 | D:5      | Noticed Dowan
  5271 | D:5      | Noticed Duvessa
  5289 | D:5      | Killed Dowan
  5447 | D:5      | Killed Duvessa
  5708 | D:5      | Noticed Crazy Yiuf
  5723 | D:5      | Killed Crazy Yiuf
  5862 | D:5      | Reached skill level 8 in Dodging
  6743 | D:6      | Reached XP level 9. HP: 75/75 MP: 12/12
  6824 | D:6      | Reached skill level 9 in Dodging
  7319 | D:6      | Found a sand-covered staircase.
  7328 | Ossuary  | Entered an ossuary
  8073 | D:6      | Found a radiant altar of Vehumet.
  8076 | D:6      | Found a sparkling altar of Nemelex Xobeh.
  8079 | D:6      | Found a deep blue altar of Sif Muna.
  8328 | D:6      | Reached skill level 10 in Dodging
  8370 | D:6      | Found a snail-covered altar of Cheibriados.
  8453 | D:6      | Found a bloodstained altar of Trog.
  8919 | D:7      | Found a staircase to the Ecumenical Temple.
  9196 | Temple   | Entered the Ecumenical Temple
  9369 | Temple   | Became a worshipper of Gozag Ym Sagoz the Greedy
 10133 | D:7      | Reached skill level 5 in Shields
 10464 | D:8      | Noticed Erolcha
 10478 | D:8      | HP: 2/78 [Erolcha/magic dart (3)]
 10487 | D:8      | Killed Erolcha
 10487 | D:8      | Reached skill level 11 in Dodging
 10487 | D:8      | Reached XP level 10. HP: 58/84 MP: 13/13
 10791 | D:8      | Slain by a queen bee

Vault maps used:
D:1:      scummos_arrival_gate, hex_large
D:4:      overflow_temple_1_default, kennysheep_little_box, grunt_qazlal_clouds,
          serial_shops, nicolae_shop_scaring_up_business, gup_sewer_entry_bowl,
          first_bread
D:5:      lemuel_ratsnest, grunt_ministairs_13, uniq_blork_the_orc,
          uniq_duvessa, uniq_crazy_yiuf_cottage
D:6:      lemuel_doored_altar, slow_altar_2, grunt_temple_overflow_diamond,
          lightli_ossuary_entry_decrepit_ruins
D:7:      temple_fountains, serial_glass, glass_columns_a, glass_columns_c
D:8:      david_nohive_1, uniq_erolcha, uniq_gastronok
Temple:   triangle_lava_temple_11
Ossuary:  ossuary_tomb_1

Action                   |  1- 3 |  4- 6 |  7- 9 | 10-12 || total
-------------------------+-------+-------+-------+-------++-------
Melee: Short sword       |    35 |       |    26 |       ||    61
       Dagger            |   101 |   296 |  1066 |   112 ||  1575
 Fire: Shortbow          |    13 |       |       |       ||    13
       Blowgun           |       |       |     5 |       ||     5
Throw: Javelin           |       |     6 |    79 |    12 ||    97
       Tomahawk          |       |       |     4 |       ||     4
 Cast: Stoneskin         |       |       |       |     1 ||     1
 Abil: Breathe Fire      |       |       |    28 |     6 ||    34
Evoke: Wand              |       |     3 |       |       ||     3
  Use: Scroll            |     6 |     4 |     8 |       ||    18
       Potion            |       |     2 |    10 |     5 ||    17
 Stab: Sleeping          |       |     1 |       |       ||     1
       Distracted        |       |       |     1 |       ||     1
  Eat: Chunk             |     3 |     5 |    18 |       ||    26
       Fruit             |       |     2 |     3 |       ||     5
       Royal jelly       |       |       |     2 |       ||     2
       Pizza             |       |       |     2 |       ||     2
       Bread ration      |       |       |     1 |       ||     1
